 Dungeon Crawl Stone Soup version 0.31.0-9-g3a7656b989 (webtiles) character file.

Game seed: 3131879441615250143

7 qw the Shooter (level 1, -1/12 HPs)
             Began as a Deep Elf Hunter on Feb 2, 2024.
             Slain by a jackal (3 damage)
             ... on level 1 of the Dungeon.
             The game lasted 00:00:00 (188 turns).

qw the Shooter (Deep Elf Hunter)                     Turns: 188, Time: 00:00:00

Health: -1/12      AC:  3    Str:  8    XL:     1   Next: 91%
Magic:  3/3        EV: 12    Int: 13    God:
Gold:   27         SH:  0    Dex: 18    Spells: 0/0 levels left

rFire   . . .        a - +0 shortbow
rCold   . . .        (shield currently unavailable)
rNeg    . . .        c - +0 leather armour
rPois   .            (no helmet)
rElec   .            (no cloak)
rCorr   .            (no gloves)
SInv    .            (no boots)
Will    .....        (no amulet)
Stlth   ++           (no ring)
HPRegen 0.22/turn    (no ring)
MPRegen 0.08/turn

%: no passive effects
@: no status effects
A: no striking features
a: no special abilities


You were on level 1 of the Dungeon.
You visited 1 branch of the dungeon, and saw 1 of its levels.

You collected 27 gold pieces.


   Skills:
 - Level 1.5 Fighting
 + Level 5.9 Ranged Weapons
 - Level 2.4 Dodging
 - Level 1.2 Stealth


You couldn't memorise any spells.
You didn't know any spells.
Your spell library was empty.

Inventory:

Hand Weapons
 a - a +0 shortbow (weapon)
Armour
 c - a +0 leather armour (worn)
 d - a +0 scale mail
Scrolls
 b - a scroll of butterflies

Dungeon Overview and Level Annotations

Branches:
Dungeon (1/15)

Altars:


Message History

You shoot an arrow. The arrow barely misses the hobgoblin.
The jackal barely misses you. The jackal closely misses you.
The hobgoblin misses you.
You shoot an arrow. The arrow barely misses the hobgoblin.
The jackal bites you.
The hobgoblin hits you but does no damage.
You shoot an arrow.
The arrow completely misses the hobgoblin.
The arrow barely misses the hobgoblin.
The jackal barely misses you. The jackal bites you.
The hobgoblin barely misses you.
You shoot an arrow. The arrow hits the hobgoblin.
You kill the hobgoblin!
The jackal closely misses you. The jackal barely misses you.
You shoot an arrow. The arrow barely misses the hobgoblin.
The jackal misses you. The hobgoblin hits you.
You shoot an arrow. The arrow hits the hobgoblin.
The hobgoblin is heavily wounded.
The jackal closely misses you.
The hobgoblin hits you but does no damage.
The jackal barely misses you.
You shoot an arrow.
The arrow hits the hobgoblin but does no damage.
The hobgoblin is heavily wounded.
The jackal bites you. The hobgoblin misses you. The jackal closely misses you.
You shoot an arrow. The arrow barely misses the hobgoblin.
The hobgoblin hits you.
The jackal bites you but does no damage.
The hobgoblin closely misses you.
You shoot an arrow. The arrow hits the hobgoblin.
The hobgoblin is severely wounded.
The jackal bites you. The jackal barely misses you.
The hobgoblin closely misses you.
You shoot an arrow. The arrow hits the hobgoblin.
You kill the hobgoblin!
The jackal closely misses you. The jackal misses you.
You shoot an arrow. The arrow hits the jackal.
The jackal is almost dead.
The jackal bites you.
You die...

#...#....#
#..#>#...#
#...#...##
#.......#
#.......#
#.##..###
#....##
#.#### #@#
#%....h%#
..####...
.##.. ..
#.. ...
#.# ... ..
.#?? .#


You could see a jackal.

Vanquished Creatures
  4 hobgoblins (D:1)
  2 frilled lizards (D:1)
  A rat (D:1)
7 creatures vanquished.

Notes
Turn   | Place    | Note
-------+----------+-------------------------------------------
     0 | D:1      | qw the Deep Elf Hunter began the quest for the Orb.
     0 | D:1      | Reached XP level 1. HP: 12/12 MP: 3/3
     0 | D:1      | 0 ||| qw: Version: 0.3-a-155-g5e7d8dd
     0 | D:1      | 0 ||| qw: Game counter: 2253
     0 | D:1      | 0 ||| qw: Melee chars always use a shield: true
     0 | D:1      | 0 ||| qw: God list: Okawaru
     0 | D:1      | 0 ||| qw: Allow faded altars: false
     0 | D:1      | 0 ||| qw: Do Orc after clearing Dungeon:15 true
     0 | D:1      | 0 ||| qw: Do second Lair branch before Depths: true
     0 | D:1      | 0 ||| qw: Lair rune preference: random
     0 | D:1      | 0 ||| qw: Goals: Normal
     0 | D:1      | 0 ||| PLANNING D:1-11
   186 | D:1      | HP: 2/12 [jackal (3)]
   188 | D:1      | Slain by a jackal

Levels and vault maps discovered:
D:1:      dpeg_chamrin_arrival_tetris, layout_loops_ring, st_stairs_14,
          minmay_circled_x

Action                     || total
---------------------------++-------
   Fire: Shortbow          ||    30
 Armour: Leather armour    ||    16
  Dodge: Dodged            ||    19

Table legend:
 A = Non-vault XP
 B = Vault XP
 C = Vault XP percentage of total XP
 D = Non-vault monster count
 E = Vault monster count
 F = Vault count percentage of total count
                 A         B        C        D         E       F
            +---------+---------+-------+---------+---------+-------
      Total |       7 |       4 |  36.4 |       5 |       2 |  28.6
            +---------+---------+-------+---------+---------+-------
        D:1 |       7 |       4 |  36.4 |       5 |       2 |  28.6
            +---------+---------+-------+---------+---------+-------
